 Dungeon Crawl Stone Soup version 0.29-a0-1027-gcd8c55af63 (webtiles) character file.

Game seed: 8536108002783929647

6 frimble the Digger (level 1, -1/13 HPs)
             Began as a Demonspawn Earth Elementalist on Aug 13, 2022.
             Slain by a hobgoblin (5 damage)
             ... on level 1 of the Dungeon.
             The game lasted 00:00:23 (311 turns).

frimble the Digger (Demonspawn Earth Elementalist)   Turns: 311, Time: 00:00:24

Health: -1/13      AC:  2    Str:  8    XL:     1   Next: 75%
Magic:  1/3        EV: 12    Int: 16    God:
Gold:   17         SH:  0    Dex: 13    Spells: 3/4 levels left

rFire   . . .      SeeInvis .   d - +0 dagger
rCold   . . .      Faith    .   (no shield)
rNeg    . . .      Spirit   .   a - +0 robe
rPois   .          Reflect  .   (no helmet)
rElec   .          Harm     .   (no cloak)
rCorr   .          Rampage  .   (no gloves)
Will    .....                   (no boots)
Stlth   ++........              (no amulet)
HPRegen 0.04/turn               (no ring)
MPRegen 0.08/turn               (no ring)

@: no status effects
A: no striking features
a: no special abilities


You were on level 1 of the Dungeon.
You visited 1 branch of the dungeon, and saw 1 of its levels.

You collected 17 gold pieces.

Inventory:

Hand Weapons
 d - a +0 dagger (weapon)
Armour
 a - a +0 robe (worn)
Scrolls
 e - a scroll of poison {unknown}
 g - a scroll of identify {unknown}
Potions
 b - a potion of magic
 c - a potion of cancellation {unknown}
 f - a potion of invisibility {unknown}


   Skills:
 - Level 1.8 Dodging
 - Level 1.8 Stealth
 - Level 2.0 Spellcasting
 + Level 1.2 Transmutations
 + Level 2.9 Earth Magic


You had 3 spell levels left.
You knew the following spells:

 Your Spells              Type           Power      Damage    Failure   Level
a - Sandblast             Erth           20%        2d7       6%          1

Your spell library contained the following spells:

 Spells                   Type           Power      Damage    Failure   Level
 Passwall                 Tmut/Erth      6%         N/A       13%         2
 Stone Arrow              Conj/Erth      12%        3d7       34%         3
 Petrify                  Tmut/Erth      8%         N/A       65%         4


Dungeon Overview and Level Annotations

Branches:
Dungeon (1/15)

Altars:


Message History

There are monsters nearby!
Found 19 gold pieces.
The goblin shouts!
You hear a shout!
A hobgoblin comes into view.
The frilled lizard bites you.
Aiming: Sandblast (safe; 7% risk of failure)
Press: ? - help, Q - select action Shift-Dir - straight line, f - goblin
Aim: a goblin, wielding a +0 dagger (77% to hit)
The blast of sand hits the goblin.
You kill the goblin!
The frilled lizard bites you.
The frilled lizard completely misses you.
Aiming: Sandblast (safe; 6% risk of failure)
Press: ? - help, Q - select action Shift-Dir - straight line, f - frilled lizard
Aim: a frilled lizard (70% to hit)
The blast of sand hits the frilled lizard!
You kill the frilled lizard!
Aiming: Sandblast (safe; 6% risk of failure)
Press: ? - help, Q - select action Shift-Dir - straight line, f - hobgoblin
Aim: a hobgoblin (82% to hit)
The blast of sand hits the hobgoblin.
The hobgoblin is heavily wounded.
The hobgoblin hits you. The hobgoblin barely misses you.
You closely miss the hobgoblin.
The hobgoblin is moderately wounded.
The hobgoblin hits you.
You barely miss the hobgoblin.
The hobgoblin is moderately wounded.
The hobgoblin closely misses you.
You closely miss the hobgoblin.
The hobgoblin is moderately wounded.
The hobgoblin hits you.
You barely miss the hobgoblin.
The hobgoblin is moderately wounded.
The hobgoblin closely misses you. The hobgoblin attacks as you move away!
The hobgoblin misses you.
You closely miss the hobgoblin.
The hobgoblin is moderately wounded.
The hobgoblin hits you.
You die...

##..............#
................#.# .#.#
#.............#.# ...##
....##..#+#....#.# ....#
#. #.###.# ###.##.##....#.
.. #.#...# #.##.........
.# #....## #.##......# .#
#....##.###.##..)...# .#
#.##......#..@g.†..>#
.###.##..#...#.........$..
.....##..# ###.....#......
..##........ +.....+......
..##.####### #.....# .....
.....# #.....# .....
...### ####### .... ...#
.... ...#


You could see a hobgoblin.

Vanquished Creatures
  2 endoplasms (D:1)
  2 goblins (D:1)
  A frilled lizard (D:1)
5 creatures vanquished.

Notes
Turn   | Place    | Note
-------+----------+-------------------------------------------
     0 | D:1      | frimble the Demonspawn Earth Elementalist began the quest
                  | for the Orb.
     0 | D:1      | Reached XP level 1. HP: 13/13 MP: 3/3
   173 | D:1      | Reached skill level 1 in Transmutations
   311 | D:1      | Slain by a hobgoblin

Illustrated notes

Levels and vault maps discovered:
D:1:      eino_arrival_cavern_e, layout_basic

Skill      XL: |  1 |
---------------+----+-----
Transmutations | 1 |  1.2
Dodging        | |  1.8
Stealth        | |  1.8
Spellcasting   | |  2.0
Earth Magic    | |  2.9

Action                   || total
-------------------------++-------
Melee: Dagger            ||     5
 Cast: Sandblast         ||     7
Dodge: Dodged            ||     5

Table legend: (Time is in decaauts)
 A = Elapsed time spent in this place.
 B = Non-inter-level travel time spent in this place.
 C = Inter-level travel time spent in this place.
 D = Time resting spent in this place.
 E = Time spent auto-exploring this place.
 F = Levels seen in this place.
 G = Mean time per level.
                   A        B        C        D        E       F      G
               +--------+--------+--------+--------+--------+-----+--------+
         Total |    317 |    317 |      0 |      0 |    275 |   1 |  317.0 |
       Dungeon |    317 |    317 |      0 |      0 |    275 |   1 |  317.0 |
               +--------+--------+--------+--------+--------+-----+--------+

Top non-repeatable levels by time:
     D:1: 317 daAuts
